 Dungeon Crawl Stone Soup version 0.18-a0-2-g0e512fa (webtiles) character file.

114 Gargoyl the Skirmisher (level 4, -1/55 HPs)
             Began as a Demonspawn Abyssal Knight on Oct 31, 2015.
             Was a Believer of Lugonu.
             Slain by Arkorax's ghost (7 damage)
             ... on level 3 of the Dungeon.
             The game lasted 00:05:02 (2985 turns).

Gargoyl the Skirmisher (Demonspawn Abyssal Knight)  Turns: 2985, Time: 00:05:02

Health: -1/55      AC: 22    Str: 13    XL:     4   Next: 67%
Magic:  5/5        EV:  2    Int: 13    God:    Lugonu [**....]
Gold:   147        SH:  0    Dex: 13    Spells: 0 memorised, 3 levels left

rFire  . . .     SeeInvis .     a - +2 hand axe
rCold  . . .     Clarity  .     (armour currently unavailable)
rNeg   + + +     SustAt   .     (no shield)
rPois  +         Gourm    .     (helmet currently unavailable)
rElec  .         Spirit   .     (cloak currently unavailable)
rCorr  .         Warding  .     (gloves currently unavailable)
rMut   .         NoTele   +     (boots currently unavailable)
MR     .....                    (no amulet)
Stlth  +.........               o - ring of loudness
                                m - ring of stealth

@: tree-form, not resistant to hostile enchantments, very unstealthy
A: (hooves 0), low mp 1, (spiny 0)
a: Depart the Abyss, Bend Space, Renounce Religion


You were on level 3 of the Dungeon.
You worshipped Lugonu.
Lugonu was pleased with you.
You were not hungry.
You were a tree.
You visited 1 branch of the dungeon, and saw 3 of its levels.
You visited the Abyss 1 time.

You collected 147 gold pieces.

Inventory:

Hand Weapons
 a - a +2 hand axe (weapon)
Missiles
 b - 6 steel javelins
 p - 2 tomahawks (quivered)
Armour
 d - a +0 cloak (melded)
 g - a +0 ring mail (melded)
Jewellery
 m - a ring of stealth (left branch)
 o - a ring of loudness (right branch)
Scrolls
 i - 3 scrolls of identify
 j - a scroll of blinking
 l - 2 scrolls of remove curse
Comestibles
 c - 3 bread rations
 f - 8 fruits
 q - 2 beef jerkies
 s - a meat ration


   Skills:
 + Level 4.1 Fighting
 + Level 2.0 Axes
 + Level 2.4 Armour
 + Level 2.2 Dodging
 + Level 3.0 Invocations


You had 3 spell levels left.
You didn't know any spells.

Dungeon Overview and Level Annotations

Branches:
Dungeon (3/15)

Altars:
Makhleb

Annotations:
D:3 Arkorax's ghost, amateur GrFi


Innate Abilities, Weirdness & Mutations

((You have hoof-like feet.))
((You are partially covered in sharp spines.))
Your magical capacity is low (-10% MP).


Message History

You closely miss Arkorax's ghost.
Arkorax's ghost is lightly damaged.
Arkorax's ghost barely misses you.
You hit Arkorax's ghost.
Arkorax's ghost is lightly damaged.
Arkorax's ghost hits you.
* * * LOW HITPOINT WARNING * * *
You hit Arkorax's ghost but do no damage.
Arkorax's ghost is lightly damaged.
Arkorax's ghost hits you!
* * * LOW HITPOINT WARNING * * *
Okay, then.
You hit Arkorax's ghost but do no damage.
Arkorax's ghost is lightly damaged.
Arkorax's ghost hits you but does no damage.
You hit Arkorax's ghost.
Arkorax's ghost is moderately damaged.
Arkorax's ghost hits you but does no damage.
Arkorax's ghost hits you!
You die...

#................
#.......#####.)..
##..###.# #....
##.## #.# #....
#..# #.# #.###
##.## #.# #.###
#..# #.# #.).#
#.## #.# ###.#
#♣# #.# #.. #.W#
### #.(## # #.#
#( .. (. .(.


You could see Arkorax's ghost.

Vanquished Creatures
  A hound (D:3)
  2 adders (D:2)
  2 oozes (D:2)
  2 worms (D:2)
  An adder skeleton (D:2)
  3 giant geckos
  A ball python (D:3)
  A giant cockroach (D:3)
  4 hobgoblins
  5 quokkas (D:2)
  3 bats
  3 giant newts
  9 goblins
  6 kobolds
  10 rats
53 creatures vanquished.

Notes
Turn   | Place    | Note
--------------------------------------------------------------
     0 | Abyss:1  | Gargoyl the Demonspawn Abyssal Knight began the quest for the Orb.
     0 | Abyss:1  | Reached XP level 1. HP: 18/18 MP: 2/2
    36 | Abyss:1  | Noticed a water elemental
   117 | Abyss:2  | Found a sacrificial altar of Ru.
   118 | Abyss:2  | Noticed a smoke demon
   122 | Abyss:2  | Noticed a raiju
   123 | Abyss:2  | Noticed an ancient lich
   123 | D:1      | Escaped the Abyss
   832 | D:1      | Reached skill level 1 in Dodging
   964 | D:1      | Gained mutation: You have large cloven feet. [demonic ancestry]
   964 | D:1      | Reached XP level 2. HP: 20/24 MP: 3/3
  1058 | D:1      | Reached * piety under Lugonu
  1222 | D:2      | HP: 1/25 [poisoned by an adder]
  1228 | D:2      | Reached XP level 3. HP: 7/30 MP: 3/5
  1798 | D:2      | Reached skill level 4 in Fighting
  2239 | D:2      | Gained mutation: You are partially covered in sharp spines. [demonic ancestry]
  2239 | D:2      | Reached XP level 4. HP: 34/37 MP: 6/6
  2645 | D:3      | Found a burning altar of Makhleb.
  2677 | D:3      | Reached ** piety under Lugonu
  2965 | D:3      | Noticed Arkorax's ghost (amateur GrFi)
  2975 | D:3      | Gained mutation: You have hoof-like feet. [potion of mutation]
  2975 | D:3      | Gained mutation: Your magical capacity is low (-10% MP). [potion of mutation]
  2985 | D:3      | Slain by Arkorax's ghost

Vault maps used:
D:1:      nicolae_arrival_somewhat_less_tricky_arrival
D:3:      makhleb_heckhound_becter, first_bread
Abyss:2:  minivault_26, hangedman_abyss_river_spirits

Action                   |  1- 3 |  4- 6 || total
-------------------------+-------+-------++-------
Melee: Hand axe          |   135 |    24 ||   159
Throw: Tomahawk          |       |     5 ||     5
Invok: Depart the Abyss  |     1 |       ||     1
  Use: Potion            |     4 |     2 ||     6
       Scroll            |       |     8 ||     8
  Eat: Bread ration      |     1 |     1 ||     2
